Map: Vaani Research Station (Void)

Players

SLIZZLE - Winner!

  • Race: Terran Terran
  • League: Gold
  • Spawn Location: 6:00

Fropez

  • Race: Protoss Protoss
  • League: Gold
  • Spawn Location: 12:00

VOD

Have the link to the VOD?

Description

Time

  • Played on: Nov. 27, 2016, 4:21 p.m.
  • Length: 14:52
Show
View Real Time Build Order
Export as new Build Order

SLIZZLE Terran - Winner!

Build Orders:  

Get SALT Encoding   

  12  0:01  SCV  
  13  0:13  SCV  
  14  0:19  Supply Depot  
  14  0:25  SCV  
  15  0:40  SCV  
  15  0:41  Barracks  
  16  0:54  SCV  
  17  0:57  Refinery  
  17  0:59  Refinery  
  17  1:06  SCV  
  18  1:15  Supply Depot  
  18  1:18  SCV  
  19  1:31  Marine  
  19  1:32  Orbital Command  
  20  1:47  Factory  
  20  1:57  Marine  
  20  1:59  SCV  
  22  2:11  SCV  
  22  2:15  Marine  
  24  2:25  Barracks  
  24  2:31  Factory Reactor  
  24  2:37  Starport  
  24  2:40  SCV  
  24  2:43  Marine  
  26  2:50  Supply Depot  
  26  2:53  SCV, Engineering Bay  
  27  3:04  Marine  
  28  3:11  SCV  
  29  3:15  Barracks Reactor, Factory Tech Lab  
  29  3:22  Barracks Tech Lab  
  29  3:25  SCV  
  29  3:26  Missile Turret  
  30  3:27  Medivac  
  30  3:32  Medivac  
  34  3:41  SCV  
  35  3:43  Marauder  
  37  3:48  Supply Depot  
  37  3:55  Stimpack, Marine  
  37  3:57  Marine  
  39  4:10  SCV, Marauder  
  39  4:15  Siege Tank  
  45  4:19  Marine x2  
  47  4:36  Command Center  
  47  5:08  Supply Depot  
  47  5:09  Supply Depot  
  47  5:15  Supply Depot  
  47  5:17  Marine x2, SCV, Siege Tank, Medivac  
  55  5:23  Marine  
  55  5:26  Barracks  
  51  5:29  SCV  
  52  5:45  SCV  
  51  5:56  Liberator x2  
  40  6:11  Siege Tank  
  40  6:14  Marine x2  
  51  6:21  Refinery  
  51  6:26  Marauder  
  51  6:28  Barracks Reactor  
  53  6:35  SCV  
  54  6:42  Refinery  
  54  6:47  SCV, Missile Turret  
  54  6:52  Missile Turret  
  54  6:54  Orbital Command  
  52  7:30  SCV  
  52  7:33  Missile Turret  
  53  7:39  Medivac x2  
  53  7:41  Marine x3  
  53  7:42  Marine  
  63  7:50  SCV x2  
  65  7:59  Marine  
  65  8:02  SCV x2, Terran Infantry Weapons Level 1, Liberator  
  65  8:05  Marine x2  
  68  8:06  Armory  
  71  8:29  Marine x2  
  71  8:32  Command Center  
  71  8:34  Marine, SCV  
  75  8:53  Liberator  
  73  9:07  Marine  
  73  9:08  Marine, Marauder  
  79  9:29  Marauder  
  75  9:33  Siege Tank  
  75  9:35  Marine  
  77  9:45  Marine  
  78  9:51  Marauder  
  69  10:12  Marauder  
  57  10:25  Marine  
  58  10:32  Marine x2  
  58  10:34  Marauder  
  62  10:39  Refinery  
  62  10:44  SCV  
  62  10:45  SCV, Orbital Command  
  64  11:01  SCV  
  64  11:02  Barracks  
  66  11:06  Marine x2, Marauder  
  66  11:07  SCV  
  70  11:20  Liberator  
  70  11:27  Marauder  
  70  11:28  Marine x2  
  77  12:13  Starport  
  74  12:50  SCV x3  
  77  12:54  Starport Reactor  
  77  12:59  Engineering Bay  
  77  13:02  Marine, SCV x2  
  77  13:03  Marauder  
  82  13:08  Starport  
  82  13:10  Starport x2  
  82  13:16  Barracks x3  
  82  13:17  Barracks, Factory  
  82  13:18  Barracks x2  
  76  13:21  Marine  
  76  13:24  Marauder  
  79  13:27  Viking x2  
  83  13:43  SCV  
  83  13:45  Marauder  
  72  14:07  Marauder  
  57  14:22  Marine x2  
  59  14:28  Marauder  
Show
View Real Time Build Order
Export as new Build Order

Fropez Protoss 

Build Orders: Oracle Opening 

Get SALT Encoding   

  12  0:01  Probe (Chrono Boost)  
  13  0:11  Probe (Chrono Boost)  
  14  0:18  Pylon  
  14  0:27  Probe (Chrono Boost)  
  15  0:30  Assimilator  
  15  0:37  Probe (Chrono Boost)  
  16  0:47  Gateway  
  16  0:49  Probe (Chrono Boost)  
  17  0:59  Probe (Chrono Boost)  
  17  1:01  Assimilator  
  18  1:11  Gateway  
  18  1:13  Probe (Chrono Boost)  
  19  1:23  Probe (Chrono Boost)  
  20  1:52  Nexus  
  19  1:56  Probe (Chrono Boost)  
  20  2:04  Cybernetics Core  
  20  2:09  Probe (Chrono Boost)  
  21  2:25  Probe (Chrono Boost)  
  22  2:32  Pylon  
  22  2:41  Warp Gate  
  22  2:50  Stargate  
  23  2:51  Probe (Chrono Boost)  
  23  2:58  Stalker  
  23  3:00  Stalker  
  23  3:02  Probe (Chrono Boost)  
  27  3:07  Probe (Chrono Boost)  
  28  3:13  Probe (Chrono Boost)  
  29  3:20  Probe (Chrono Boost)  
  29  3:24  Probe (Chrono Boost)  
  31  3:33  Oracle (Chrono Boost)  
  34  3:45  Assimilator  
  34  3:49  Probe (Chrono Boost)  
  34  3:52  Pylon, Stalker x2  
  39  4:01  Pylon  
  39  4:09  Oracle (Chrono Boost), Mothership Core  
  42  4:12  Probe  
  45  4:24  Probe  
  45  4:25  Assimilator  
  45  4:29  Probe  
  49  4:36  Probe  
  50  4:38  Oracle (Chrono Boost)  
  53  4:53  Protoss Air Weapons Level 1 (Chrono Boost)  
  51  5:03  Pylon  
  51  5:06  Forge, Stalker  
  53  5:09  Stalker  
  53  5:13  Pylon  
  50  5:41  Stalker x2  
  45  6:08  Stalker x2  
  45  6:09  Probe x2  
  45  6:10  Protoss Shields Level 1  
  51  6:13  Pylon  
  51  6:21  Probe  
  51  6:25  Nexus, Probe  
  53  6:27  Assimilator  
  53  6:30  Pylon  
  53  6:42  Probe x2  
  55  6:54  Probe x2  
  55  6:55  Pylon  
  55  6:56  Pylon  
  57  7:24  Twilight Council  
  57  7:26  Probe x2  
  57  7:29  Photon Cannon  
  59  7:31  Gateway, Stalker  
  61  7:38  Probe  
  61  7:40  Probe  
  61  7:41  Probe  
  64  7:50  Probe x2  
  66  7:59  Stalker  
  66  8:00  Stalker  
  70  8:12  Probe x2  
  72  8:15  Templar Archives  
  72  8:16  Probe  
  73  8:20  Assimilator  
  73  8:23  Gateway  
  73  8:26  Stalker  
  75  8:28  Pylon  
  75  8:30  Oracle  
  78  8:51  Probe  
  78  8:52  Probe x2  
  81  8:56  Stalker x2  
  81  8:57  Stalker  
  85  9:08  Protoss Ground Weapons Level 1  
  78  9:32  High Templar x2  
  78  9:33  High Templar, Probe  
  78  9:34  Probe  
  64  10:18  Stalker x4  
  64  10:20  Archon  
  64  10:21  Probe  
  61  10:22  Probe  
  63  10:31  Probe  
  63  10:34  Probe  
  65  10:38  Assimilator  
  65  10:46  Pylon  
  65  10:54  High Templar  
  65  10:55  High Templar x3  
  73  10:58  Archon  
  73  10:59  Archon  
  73  11:06  Nexus  
  73  11:08  Assimilator  
  73  11:10  Gateway  
  73  11:12  Assimilator  
  73  11:14  Pylon  
  73  11:15  Pylon  
  70  11:18  Pylon  
  70  11:23  Pylon  
  70  11:28  High Templar x4  
  78  11:33  Archon  
  78  11:34  Archon  
  78  11:44  Pylon  
  76  12:05  Stalker x3  
  82  12:10  Gateway  
  82  12:12  Gateway  
  82  12:16  Probe, Gateway  
  82  12:21  Gateway  
  83  12:36  Stalker  
  85  12:46  Stalker  
  85  12:47  Stalker  
  85  12:49  Protoss Ground Armor Level 1  
  89  13:06  Probe  
  89  13:11  Photon Cannon  
  90  13:15  Twilight Council  
  90  13:17  Probe  
  91  13:28  Probe  
  91  13:30  Probe  
  93  13:40  Stalker x2  
  53  14:34  High Templar  
  40  14:49  Archon  
Tags
 
Add a new tag
Caveats
  • Supply blocks, unpowered buildings, or Contaminate may cause inaccurate times.
  • Supply counts are checked every 10 seconds.